Map: [ESL] Data-C

Players

Maru - Winner!

  • Race: Terran Terran
  • Spawn Location: 9:00

Kelazhur

  • Race: Terran Terran
  • Spawn Location: 3:00

Event: DreamHack SC2 Masters 2022 Atlanta (Offline)

VOD

Have the link to the VOD?

Description

Time

  • Played on: Nov. 18, 2022, 5:12 p.m.
  • Length: 11:03

All games in this series

Show
View Real Time Build Order
Export as new Build Order

Maru Terran - Winner!

Build Orders:  

Get SALT Encoding   

  12  0:00  SCV  
  13  0:12  SCV  
  14  0:17  Supply Depot  
  14  0:24  SCV  
  15  0:38  SCV  
  15  0:39  Barracks  
  15  0:42  Refinery  
  16  0:50  SCV  
  16  0:53  Refinery  
  17  1:03  SCV  
  18  1:15  SCV  
  19  1:26  Reaper  
  19  1:27  Orbital Command  
  19  1:31  Supply Depot  
  20  1:43  Factory  
  20  1:52  SCV  
  21  1:58  Reaper  
  22  2:04  SCV  
  23  2:16  SCV  
  24  2:23  Command Center  
  24  2:28  SCV  
  25  2:31  Hellion  
  25  2:34  Barracks Reactor  
  27  2:40  SCV  
  28  2:44  Starport  
  28  2:50  Supply Depot  
  28  2:53  SCV  
  28  2:54  Factory Tech Lab  
  29  3:05  SCV  
  30  3:12  Marine x2  
  32  3:13  Siege Tank  
  32  3:17  SCV  
  36  3:20  Medivac  
  38  3:28  Refinery  
  38  3:30  Marine  
  39  3:34  SCV, Marine  
  39  3:39  Orbital Command  
  41  3:46  SCV  
  41  3:48  Cyclone  
  45  3:50  Marine  
  45  3:54  Marine, Starport Tech Lab  
  47  3:59  Supply Depot  
  47  4:02  SCV  
  48  4:08  Marine  
  49  4:12  Marine  
  49  4:13  Raven  
  52  4:19  SCV  
  52  4:21  SCV  
  51  4:28  Cyclone  
  54  4:37  Supply Depot  
  54  4:42  SCV  
  54  4:43  SCV  
  53  4:47  Marine x2  
  47  4:54  SCV  
  47  4:55  SCV  
  43  5:07  SCV x2  
  44  5:09  Raven  
  45  5:19  SCV x2  
  45  5:23  Marine x2  
  47  5:29  Command Center  
  47  5:31  SCV x2  
  47  5:33  Siege Tank  
  52  5:40  Refinery  
  52  5:43  Supply Depot, SCV x2  
  54  5:55  SCV x2  
  56  6:03  Marine x2  
  58  6:06  Raven  
  58  6:07  SCV x2  
  61  6:18  Supply Depot  
  61  6:19  SCV, Siege Tank  
  61  6:20  SCV  
  61  6:21  Marine x2  
  68  6:31  SCV  
  68  6:32  SCV  
  70  6:33  Barracks  
  70  6:34  Barracks  
  70  6:38  Marine x2  
  67  6:43  SCV  
  67  6:44  SCV  
  68  6:51  Siege Tank  
  68  6:55  SCV  
  68  6:56  Marine  
  70  7:05  Raven, Marine  
  70  7:06  Orbital Command  
  70  7:08  SCV  
  73  7:14  Marine  
  72  7:20  SCV  
  72  7:22  Marine  
  66  7:25  Marine  
  66  7:32  SCV  
  66  7:34  Marine  
  66  7:37  Orbital Command  
  66  7:40  Marine  
  66  7:43  Marine  
  69  7:44  SCV  
  69  7:51  Siege Tank  
  69  7:52  Marine  
  69  7:56  SCV  
  71  8:12  Orbital Command  
  63  8:31  Supply Depot  
  63  8:35  Supply Depot  
  63  8:37  Barracks Tech Lab x2  
  63  8:38  Barracks Reactor  
  63  8:47  Starport Reactor  
  63  8:53  SCV x3, Siege Tank  
  63  8:54  Supply Depot  
  63  8:55  Engineering Bay, Refinery  
  69  8:56  Engineering Bay  
  69  8:59  Marine, Orbital Command  
  69  9:00  Marine  
  69  9:01  Refinery  
  71  9:05  SCV  
  71  9:09  Stimpack, Combat Shield  
  71  9:12  Supply Depot  
  71  9:13  SCV  
  72  9:17  Marine x2  
  72  9:18  Marine x2  
  72  9:21  Barracks  
  72  9:22  Barracks, SCV  
  77  9:26  SCV  
  78  9:34  SCV  
  77  9:39  Marine x2  
  77  9:40  Marine x2  
  77  9:44  Medivac  
  84  9:45  SCV x2  
  84  9:46  Supply Depot  
  85  9:53  SCV  
  85  9:56  Marine x2  
  85  9:57  SCV  
  85  9:58  Supply Depot, SCV, Marine x2  
  92  10:05  Medivac  
  91  10:08  SCV  
  91  10:09  Supply Depot, SCV  
  91  10:13  Barracks Reactor x2  
  91  10:14  SCV, Marine x2  
  91  10:16  Marine x2  
  91  10:18  Medivac  
  91  10:20  SCV  
  98  10:22  SCV, Siege Tank  
  98  10:27  Supply Depot  
  102  10:32  Marine x2  
  102  10:33  Refinery x2  
  102  10:34  Marine x2  
  106  10:39  Armory  
  106  10:49  Supply Depot  
Show
View Real Time Build Order
Export as new Build Order

Kelazhur Terran 

Build Orders:  

Get SALT Encoding   

  12  0:00  SCV  
  13  0:12  SCV  
  14  0:17  Supply Depot  
  14  0:24  SCV  
  15  0:38  SCV  
  15  0:39  Barracks  
  16  0:43  Refinery  
  16  0:50  SCV  
  16  0:53  Refinery  
  17  1:02  SCV  
  18  1:14  SCV  
  19  1:26  Reaper  
  19  1:27  Orbital Command  
  20  1:32  Supply Depot  
  20  1:41  Factory  
  20  1:52  SCV  
  21  1:58  Reaper  
  22  2:04  SCV  
  23  2:16  Command Center  
  23  2:18  SCV  
  24  2:25  Hellion  
  26  2:30  SCV  
  26  2:34  Barracks Reactor  
  27  2:39  Starport  
  27  2:43  SCV  
  28  2:47  Supply Depot  
  28  2:50  Factory Tech Lab  
  28  2:55  SCV  
  29  3:07  SCV  
  29  3:11  Marine x2  
  32  3:13  Hellion  
  32  3:15  Medivac  
  32  3:19  SCV  
  37  3:29  Orbital Command, Marine x2  
  37  3:31  SCV  
  40  3:37  Cyclone  
  43  3:43  SCV  
  43  3:46  Marine  
  43  3:47  Marine  
  46  3:51  Starport Tech Lab  
  46  3:53  Refinery  
  46  3:55  SCV  
  47  3:56  SCV  
  47  3:58  Supply Depot  
  47  4:10  Cyclone  
  47  4:11  Marine x2  
  47  4:12  SCV x2  
  54  4:25  SCV, Raven  
  54  4:28  SCV  
  54  4:29  Marine x2  
  56  4:38  SCV  
  53  4:40  SCV  
  53  4:46  Marine x2  
  53  4:47  Siege Tank  
  53  4:50  SCV  
  57  4:55  SCV  
  50  5:02  SCV  
  50  5:04  Marine x2  
  49  5:08  SCV  
  48  5:14  SCV  
  48  5:20  SCV  
  46  5:27  Raven  
  46  5:28  SCV  
  49  5:32  SCV  
  50  5:40  SCV, Marine x2  
  53  5:43  Supply Depot  
  53  5:44  SCV  
  53  5:48  Siege Tank  
  57  5:52  SCV  
  57  5:56  SCV  
  61  6:04  SCV  
  61  6:08  SCV  
  61  6:16  SCV  
  62  6:20  Supply Depot, Viking x2, SCV  
  62  6:23  Stimpack  
  62  6:24  Marine  
  68  6:28  Command Center, SCV  
  69  6:41  SCV, Siege Tank  
  69  6:43  Marine  
  69  6:46  SCV  
  71  6:50  Viking  
  66  7:01  SCV, Marine  
  66  7:06  SCV  
  63  7:14  SCV  
  55  7:21  SCV  
  50  7:26  SCV  
  47  7:33  SCV  
  48  7:38  SCV  
  48  7:42  Orbital Command  
  49  7:46  SCV  
  49  7:50  SCV  
  51  7:58  SCV  
  52  8:02  SCV  
  48  8:10  SCV  
  49  8:14  SCV  
  49  8:15  Viking, Marine  
  49  8:19  SCV  
  45  8:22  SCV  
  45  8:26  Viking, SCV  
  40  8:31  SCV  
  40  8:32  Barracks  
  40  8:33  Marine  
  42  8:34  SCV  
  42  8:36  Siege Tank  
  42  8:38  SCV  
  47  8:43  SCV  
  47  8:46  Viking, SCV  
  51  8:50  Refinery, SCV  
  51  8:51  Marine  
  51  8:52  Barracks  
  53  8:55  SCV  
  53  8:58  SCV  
  53  9:00  Viking  
  57  9:03  SCV  
  57  9:07  SCV  
  57  9:08  Marine  
  60  9:10  SCV  
  60  9:15  SCV  
  60  9:16  Viking  
  64  9:20  SCV  
  64  9:21  Siege Tank  
  64  9:22  SCV  
  69  9:28  SCV  
  70  9:32  SCV  
  70  9:37  Viking  
  70  9:38  SCV, Marine  
  72  9:40  Marine x2  
  72  9:43  SCV  
  67  9:46  Viking  
  67  9:51  SCV  
  67  9:52  SCV  
  69  9:55  SCV  
  69  9:56  Marine  
  69  9:58  Marine  
  72  10:03  SCV  
  72  10:05  SCV  
  72  10:09  SCV  
  71  10:15  Barracks Reactor, SCV  
  71  10:16  Barracks Reactor  
  71  10:17  SCV  
  71  10:21  SCV  
  73  10:24  Siege Tank  
  73  10:25  Marine  
  73  10:27  SCV  
  78  10:29  SCV, Refinery x2  
  78  10:33  SCV  
  80  10:39  Engineering Bay, SCV  
  80  10:40  Engineering Bay, Supply Depot  
  80  10:41  SCV  
  81  10:45  SCV  
  82  10:51  SCV  
Tags
 
Add a new tag
Caveats
  • Supply blocks, unpowered buildings, or Contaminate may cause inaccurate times.
  • Supply counts are checked every 10 seconds.